 Dungeon Crawl Stone Soup version 0.17-a0-1570-g74b7129 (webtiles) character file.

5188 Leibowitz the Spear-Bearer (level 10, -7/79 HPs)
             Began as a Merfolk Gladiator on July 23, 2015.
             Was a High Priest of Okawaru.
             Mangled by a wolf spider (10 damage)
             ... on level 8 of the Dungeon.
             The game lasted 00:58:04 (8691 turns).

Leibowitz the Spear-Bearer (Merfolk Gladiator)      Turns: 8691, Time: 00:58:07

Health: -7/79      AC: 11    Str: 15    XL:     10   Next: 60%
Magic:  10/10      EV: 18    Int:  8    God:    Okawaru [*****.]
Gold:   160        SH:  0    Dex: 18    Spells: 0 memorised, 9 levels left

rFire  . . .     SeeInvis .     a - +0 trident (elec)
rCold  . . .     Clarity  .     G - +2 ring mail {rN+}
rNeg   + . .     SustAt   .     (no shield)
rPois  +         Gourm    .     e - +0 helmet
rElec  .         Spirit   .     A - +0 cloak
rCorr  .         Warding  .     (no gloves)
rMut   .         Stasis   .     y - +0 pair of boots (curse)
MR     .....                    (no amulet)
Stlth  +++.......               L - +4 ring of slaying
                                r - ring of poison resistance

@: exhausted, slowed, very slow, not resistant to hostile enchantments, fairly
stealthy
A: change form in water, swift swim
a: Heroism, Finesse, Renounce Religion


You were on level 8 of the Dungeon.
You worshipped Okawaru.
Okawaru was extremely pleased with you.
You were hungry.

You visited 1 branch of the dungeon, and saw 8 of its levels.

You collected 440 gold pieces.
You spent 280 gold pieces at shops.

Inventory:

Hand weapons
 a - a +0 trident of electrocution (weapon)
 b - a +0 blowgun
 l - a +1 dagger of venom
Missiles
 d - 6 throwing nets (quivered)
 t - 49 poisoned needles
Armour
 e - a +0 helmet (worn)
 y - a cursed +0 pair of boots (worn)
 A - a +0 cloak (worn)
 C - a +2 buckler
 G - a +2 ring mail of positive energy (worn)
Jewellery
 r - a ring of poison resistance (left hand)
 K - an uncursed ring of protection from magic
 L - a +4 ring of slaying (right hand)
Scrolls
 f - 6 scrolls of fear
 g - 5 scrolls of teleportation
 h - 4 scrolls of remove curse
 j - 3 scrolls of random uselessness {unknown}
 k - a scroll of blinking {unknown}
 o - 10 scrolls of identify {unknown}
 x - 2 scrolls of recharging {unknown}
 F - 2 scrolls of amnesia {unknown}
 J - a scroll of immolation {unknown}
Potions
 i - 3 potions of heal wounds {unknown}
 m - a potion of haste {unknown}
 q - 5 potions of curing {unknown}
 s - 2 potions of brilliance {unknown}
 v - a potion of mutation {unknown}
 w - 3 potions of poison {unknown}
 z - 2 potions of agility {unknown}
 D - 2 potions of cancellation {unknown}
 H - a potion of lignification {unknown}
 I - a potion of ambrosia {unknown}
Comestibles
 c - 8 bread rations
 n - 13 fruits
 p - 9 beef jerkies
 u - 4 meat rations
 B - a royal jelly
 E - 3 chunks of flesh


   Skills:
 + Level 7.3 Fighting
 + Level 11.2 Polearms
 + Level 5.0 Throwing
 + Level 4.4 Armour
 + Level 10.5 Dodging
 + Level 6.1 Stealth


You had 9 spell levels left.
You didn't know any spells.

Dungeon Overview and Level Annotations

Branches:
Dungeon (8/15)             Temple (0/1) D:4            Lair (0/8) D:8

Altars:
Ashenzari
Cheibriados
Dithmenos
Gozag
Nemelex Xobeh
Okawaru
Ru
Trog
Vehumet
Xom
Yredelemnul

Shops:
D:7 ?}[(


Message History

The great orb of eyes bites you!
You hit the great orb of eyes.
You kill the great orb of eyes!
Okawaru is honoured by your kill.
You can now speed up your combat.
Your Polearms skill increases to level 11!
Your Throwing skill increases to level 5!
Your Stealth skill increases to level 6!
You puncture the wolf spider!
The wolf spider is moderately wounded.
The wolf spider hits you!!
* * * LOW HITPOINT WARNING * * *
The wolf spider barely misses you.
You puncture the wolf spider!
The wolf spider is heavily wounded.
The wolf spider hits you!
* * * LOW HITPOINT WARNING * * *
The wolf spider bites you.
* * * LOW HITPOINT WARNING * * *
The wolf spider misses you. The wolf spider bites you!
You die...

#....############.##
#.##...............####
#.########......).....#
#.# #..######....# #.#
#.## #....# ..# ##.#
#8'8.# .##
#..#.######)#.# .#
####..#.....'..#.# .#
#.....#...s@'..#.## .#
#..#).#.######)#..# .#
#.###.# #8(8..# .#
#..#..## #.....# .##
#......######.....# ..##
####..............#
...#####.......#.....#.#
.......#....>..#...(...#
...###.#.##.##.#.#######


You could see a wolf spider.

Vanquished Creatures
  A great orb of eyes (D:8)
  A centaur warrior (D:8)
  Joseph (D:7)
  The ghost of runewalsh the Chiller, an average OpIE (D:5)
  Eustachio (D:6)
  A hungry ghost (D:8)
  2 orc warriors (D:8)
  Duvessa (D:7)
  The ghost of Mandevil the Scratcher, an average FeTm (D:4)
  An ice beast (D:5)
  5 ogres
  A necrophage (D:5)
  2 centaurs
  The ghost of Tyryt0 the Shield-Bearer, an average GrFi (D:3)
  4 giant frogs
  Blork the orc (D:5)
  4 scorpions
  Dowan (D:7)
  4 killer bees (D:8)
  A centaur zombie (D:5)
  A hound (D:3)
  9 orc wizards
  A crimson imp (D:5)
  2 giant frog skeletons
  Crazy Yiuf (D:5)
  5 orc priests
  4 worker ants
  An iguana (D:7)
  A hound skeleton (D:5)
  A worker ant zombie (D:8)
  11 adders
  7 gnolls
  2 oozes
  An adder zombie (D:8)
  3 adder skeletons
  2 worms (D:2)
  9 giant geckos
  30 orcs
  2 ball pythons
  2 bat zombies
  3 giant cockroaches
  14 goblins
  8 hobgoblins
  7 jackals
  10 bats
  2 giant gecko skeletons
  6 giant newts
  21 kobolds
  4 quokkas
  11 rats
216 creatures vanquished.

Notes
Turn   | Place    | Note
--------------------------------------------------------------
     0 | D:1      | Leibowitz the Merfolk Gladiator began the quest for the Orb.
     0 | D:1      | Reached XP level 1. HP: 16/16 MP: 1/1
   145 | D:1      | Reached XP level 2. HP: 22/22 MP: 2/2
   459 | D:1      | Reached skill level 5 in Polearms
   459 | D:1      | Reached XP level 3. HP: 21/28 MP: 3/3
   875 | D:2      | Reached skill level 5 in Dodging
  1237 | D:2      | Found a shadowy altar of Dithmenos.
  1275 | D:2      | Reached XP level 4. HP: 34/34 MP: 4/4
  1279 | D:2      | Found a sacrificial altar of Ru.
  1305 | D:2      | Reached skill level 1 in Stealth
  1464 | D:3      | Noticed Tyryt0's ghost (average GrFi)
  1676 | D:2      | Reached XP level 5. HP: 22/40 MP: 5/5
  1805 | D:2      | Reached skill level 1 in Armour
  2440 | D:3      | Reached XP level 6. HP: 47/47 MP: 6/6
  2445 | D:3      | Reached skill level 6 in Dodging
  2591 | D:3      | Found a bloodstained altar of Trog.
  3263 | D:4      | Found an iron altar of Okawaru.
  3265 | D:4      | Found a basalt altar of Yredelemnul.
  3270 | D:4      | Became a worshipper of Warmaster Okawaru
  3511 | D:4      | Reached XP level 7. HP: 51/53 MP: 7/7
  3528 | D:4      | Found a staircase to the Ecumenical Temple.
  3539 | D:4      | Noticed Mandevil's ghost (average FeTm)
  3548 | D:4      | Killed Mandevil's ghost
  3631 | D:4      | Acquired Okawaru's first power
  4031 | D:5      | Entered Level 5 of the Dungeon
  4411 | D:5      | Reached skill level 7 in Dodging
  4415 | D:5      | Found a radiant altar of Vehumet.
  4419 | D:5      | Found a shattered altar of Ashenzari.
  4420 | D:5      | Found a shimmering altar of Xom.
  4478 | D:5      | Reached XP level 8. HP: 58/61 MP: 8/8
  4513 | D:5      | Noticed runewalsh's ghost (average OpIE)
  4845 | D:5      | Noticed Crazy Yiuf
  4858 | D:5      | Killed Crazy Yiuf
  4949 | D:5      | Noticed Blork the orc
  4960 | D:5      | Killed Blork the orc
  4960 | D:5      | Reached skill level 5 in Fighting
  5096 | D:5      | Killed runewalsh's ghost
  5176 | D:5      | Reached skill level 8 in Dodging
  5572 | D:3      | Found a sparkling altar of Nemelex Xobeh.
  5573 | D:3      | Found an opulent altar of Gozag.
  5630 | D:3      | Killed Tyryt0's ghost
  5954 | D:6      | Noticed Eustachio
  5974 | D:6      | Killed Eustachio
  5974 | D:6      | Reached XP level 9. HP: 67/69 MP: 9/9
  6345 | D:7      | Found Efits's Magic Scroll Shop.
  6346 | D:7      | Found Norag's Gadget Shop.
  6360 | D:7      | Bought a scroll of brand weapon for 280 gold pieces
  6412 | D:7      | Noticed Dowan
  6421 | D:7      | Killed Dowan
  6429 | D:7      | Noticed Duvessa
  6437 | D:7      | Killed Duvessa
  6471 | D:7      | Found Inuwim's Weapon Boutique.
  6473 | D:7      | Reached skill level 9 in Polearms
  6509 | D:7      | Noticed Joseph
  6539 | D:7      | Killed Joseph
  6988 | D:7      | Found Gatselih's Armour Shop.
  6997 | D:7      | Reached skill level 5 in Stealth
  7823 | D:8      | Found a snail-covered altar of Cheibriados.
  7826 | D:8      | Found a staircase to the Lair.
  8117 | D:8      | Reached skill level 10 in Polearms
  8385 | D:8      | Reached XP level 10. HP: 61/77 MP: 10/10
  8429 | D:8      | Noticed a centaur warrior
  8430 | D:8      | Found a large runed door.
  8443 | D:8      | Killed a centaur warrior
  8443 | D:8      | Received a gift from Okawaru
  8443 | D:8      | Reached skill level 10 in Dodging
  8445 | D:8      | Found a large runed door.
  8678 | D:8      | Noticed a great orb of eyes
  8688 | D:8      | Noticed a wolf spider
  8689 | D:8      | Killed a great orb of eyes
  8689 | D:8      | Acquired Okawaru's second power
  8689 | D:8      | Reached skill level 11 in Polearms
  8689 | D:8      | Reached skill level 5 in Throwing
  8691 | D:8      | HP: 3/79 [wolf spider (2)]
  8691 | D:8      | Mangled by a wolf spider

Vault maps used:
D:1:      wheals_arrival_shading
D:2:      nicolae_ru_great_annihilating_truth, lemuel_round_altar
D:3:      grunt_temple_overflow_opulence, lemuel_coloured_pillars_altar,
          hex_medium, dk_vineyard_1, grunt_ministairs_9
D:4:      grunt_temple_overflow_open, minmay_temple_entry_statues, first_bread,
          kennysheep_cross_bottleneck
D:5:      minitemple, uniq_blork_the_orc, uniq_crazy_yiuf_cottage
D:6:      uniq_eustachio
D:7:      serial_shops, shop, shop, shop_fountains, shop, grunt_ogre_cave,
          uniq_duvessa, uniq_joseph
D:8:      nicolae_overflow_hidden_temple, lair_0_dummy, jmf_multi_god_temple2

Action                   |  1- 3 |  4- 6 |  7- 9 | 10-12 || total
-------------------------+-------+-------+-------+-------++-------
Melee: Trident           |   121 |   204 |   472 |    68 ||   865
 Fire: Blowgun           |       |     8 |    41 |     5 ||    54
Throw: Throwing net      |     1 |     1 |     3 |       ||     5
  Use: Scroll            |       |     3 |     2 |       ||     5
       Potion            |       |       |       |     1 ||     1
 Stab: Sleeping          |     4 |     3 |     7 |     6 ||    20
       Held in net/web   |     1 |     1 |     3 |       ||     5
       Paralysed         |       |     2 |       |       ||     2
       Distracted        |       |     2 |       |       ||     2
  Eat: Chunk             |     1 |     7 |    15 |     2 ||    25
       Pizza             |       |       |     1 |       ||     1
